 Dungeon Crawl Stone Soup version 0.27.1 (webtiles) character file.

Game seed: 12973495941706717222

4 Malachi the Insei (level 1, -2/13 HPs)
             Began as an Octopode Transmuter on Aug 26, 2021.
             Slain by a jackal (3 damage)
             ... on level 1 of the Dungeon.
             The game lasted 00:00:26 (104 turns).

Malachi the Insei (Octopode Transmuter)              Turns: 104, Time: 00:00:26

Health: -2/13      AC:  1    Str:  9    XL:     1   Next: 70%
Magic:  2/3        EV: 13    Int: 15    God:
Gold:   0          SH:  0    Dex: 12    Spells: 3/4 levels left

rFire    . . .     SeeInvis .     - Unarmed
rCold    . . .     Faith    .   (no shield)
rNeg     . . .     Spirit   .   (helmet currently unavailable)
rPois    .         Reflect  .   (no amulet)
rElec    .         Harm     .   (no ring)
rCorr    .         Rampage  .   (no ring)
Will     .....                  (no ring)
Stlth    ++........             (no ring)
HPRegen  0.04/turn              (no ring)
MPRegen  0.08/turn              (no ring)
                                (no ring)
                                (no ring)

@: appendages (expiring)
A: tentacle spike 3, almost no armour, amphibious, 8 rings, camouflage 1,
gelatinous body 1, (nimble swimmer 1), tentacles
a: End Transformation


You were on level 1 of the Dungeon.
One of your tentacles had grown a beastly spike.
You visited 1 branch of the dungeon, and saw 1 of its levels.

You aren't carrying anything.


   Skills:
 - Level 1.0 Fighting
 - Level 2.0 Dodging
 - Level 3.0 Unarmed Combat
 - Level 2.0 Spellcasting
 * Level 2.2 Transmutations
 * Level 1.0 Poison Magic


You had 3 spell levels left.
You knew the following spells:

 Your Spells              Type           Power      Damage    Failure   Level
a - Beastly Appendage     Tmut           16%        N/A       9%          1

Your spell library contained the following spells:

 Spells                   Type           Power      Damage    Failure   Level
 Wereblood                Tmut           8%         N/A       14%         2
 Spider Form              Tmut/Pois      3%         N/A       34%         3
 Ice Form                 Ice/Tmut       4%         N/A       80%         4


Dungeon Overview and Level Annotations

Branches:
Dungeon (1/15)

Altars:


Innate Abilities, Weirdness & Mutations

One of your tentacles has grown a beastly spike.
You cannot wear most types of armour.
You are amphibious.
You can wear up to eight rings at the same time.
Your skin changes colour to match your surroundings (Stealth+).
Your rubbery body absorbs attacks. (AC +1, EV +1)
((You are camouflaged near water. (Stealth+)))
You have tentacles for arms and can constrict up to eight enemies at once.


Message History

Press: ? - help, Q - select action Dir - look around, f - activate One of your tentacles grows a vicious spike.
The jackal barks!
You tentacle-slap the jackal. You grab the jackal.
The jackal is severely wounded.
You constrict the jackal.
You kill the jackal!
The jackal barely misses you.
You closely miss the jackal. You grab the jackal. You squeeze the jackal.
The jackal is heavily wounded.
You constrict the jackal. The jackal closely misses you.
The jackal barely misses you.
You tentacle-slap the jackal.
You kill the jackal!
The hobgoblin completely misses you.
You barely miss the hobgoblin.
The jackal barks!
Your grab misses the hobgoblin. Your squeeze misses the hobgoblin.
The hobgoblin barely misses you.
You tentacle-slap the hobgoblin. Your grab misses the hobgoblin.
The hobgoblin is severely wounded.
You closely miss the hobgoblin. You grab the hobgoblin.
The hobgoblin is severely wounded.
Your transformation is almost over.
You constrict the hobgoblin. The hobgoblin misses you.
You barely miss the hobgoblin.
You pierce the hobgoblin.
You kill the hobgoblin!
The goblin hits you with a +0 dagger.
Your Poison Magic skill increases to level 1!
You are too injured to fight recklessly!
You are too injured to fight recklessly!
You are too injured to fight recklessly!
You are too injured to fight recklessly!
Unknown command.
You closely miss the goblin. Your grab misses the goblin.
Your tentacle spike misses the goblin.
The jackal closely misses you. The goblin hits you with a +0 dagger.
* * * LOW HITPOINT WARNING * * *
The jackal bites you.
You die...

######### #...h...#
#.##g''##
##########.#@h...#.#
#..........#..<..#.#
#..........#.....#.#
#..........#.....#.#
#.....?....##+++##.#
#.............. #
.h..........).#####
........#######
........#


You could see 2 jackals and a goblin.

Vanquished Creatures
  A hobgoblin (D:1)
  2 jackals (D:1)
  A ball python (D:1)
4 creatures vanquished.

Notes
Turn   | Place    | Note
-------+----------+-------------------------------------------
     0 | D:1      | Malachi the Octopode Transmuter began the quest for the
                  | Orb.
     0 | D:1      | Reached XP level 1. HP: 13/13 MP: 3/3
   104 | D:1      | Reached skill level 1 in Poison Magic
   104 | D:1      | Slain by a jackal

Illustrated notes

Levels and vault maps discovered:
D:1:      dpeg_arrival_windows_large_door, layout_basic,
          shapermc_ecumenical_altar_ellora

Skill      XL: |  1 |
---------------+----+-----
Poison Magic   | 1 |  1.0
Fighting       | |  1.0
Dodging        | |  2.0
Unarmed Combat | |  3.0
Spellcasting   | |  2.0
Transmutations | |  2.2

Action                   || total
-------------------------++-------
Melee: Unarmed           ||    10
       Constrict         ||     4
       Kick              ||     2
       Tentacles         ||     2
 Cast: Beastly Appendage ||     3
Dodge: Dodged            ||    10
